 Dungeon Crawl Stone Soup version 0.31-a0-1591-g515db51633 (webtiles) character file.

Game seed: 15785000149081990543

126 Ofeo the Sneak (level 4, -7/38 HPs)
             Began as a Draconian Brigand on Jan 7, 2024.
             Mangled by a black bear (8 damage)
             ... on level 4 of the Dungeon.
             The game lasted 00:02:34 (2576 turns).

Ofeo the Sneak (Draconian Brigand)                  Turns: 2576, Time: 00:02:35

Health: -7/38      AC:  6    Str: 13    XL:     4   Next: 83%
Magic:  4/4        EV: 12    Int: 11    God:
Gold:   151        SH:  0    Dex: 15    Spells: 3/3 levels left

rFire   . . .        k - +1 short sword (drain)
rCold   . . .        (no shield)
rNeg    . . .        (body armour unavailable)
rPois   .            (helmet restricted)
rElec   .            b - +0 cloak
rCorr   .            (no gloves)
SInv    .            (no boots)
Will    .....        (no amulet)
Stlth   +++          (no ring)
HPRegen 0.26/turn    (no ring)
MPRegen 0.09/turn

%: no passive effects
@: no status effects
A: AC +5, unfitting armour, cold-blooded
a: no special abilities


You were on level 4 of the Dungeon.
You visited 1 branch of the dungeon, and saw 4 of its levels.

You collected 151 gold pieces.

Inventory:

Hand Weapons
 a - a +2 dagger
 k - a +1 short sword of draining (weapon)
Missiles
 c - 14 poisoned darts
 d - 2 curare-tipped darts (quivered)
Armour
 b - a +0 cloak (worn)
Jewellery
 j - a ring of resist corrosion
 m - a ring of poison resistance
Scrolls
 n - a scroll of teleportation {@r3}
 q - a scroll of poison
Potions
 e - a potion of magic {unknown}
 f - a potion of attraction
 g - a potion of lignification {unknown}
 h - 3 potions of brilliance {unknown}
 i - a potion of enlightenment {unknown}
 l - 2 potions of heal wounds {unknown}
 o - a potion of ambrosia {unknown}
 p - a potion of might {unknown}
 r - a potion of berserk rage {unknown}


   Skills:
 + Level 3.1 Fighting
 + Level 2.8 Short Blades
 + Level 2.6 Throwing
 + Level 1.9 Dodging
 + Level 4.1 Stealth


You had 3 spell levels left.
You didn't know any spells.
Your spell library was empty.

Dungeon Overview and Level Annotations

Branches:
Dungeon (4/15)
 Temple: D:4-7

Altars:
Yredelemnul


Innate Abilities, Weirdness & Mutations

Your plain brown scales are hard. (AC +5)
You cannot fit into any form of body armour.
You are cold-blooded and may be slowed by cold attacks.


Message History

You closely miss the black bear.
The black bear is lightly wounded.
The black bear bites you. The black bear claws you.
The black bear claws you but does no damage.
You take 6 damage, and have 16/38 hp.
You hit the black bear but do no damage.
You tail-slap the black bear.
The black bear is moderately wounded.
You barely miss the black bear.
The black bear is heavily wounded.
The black bear bites you.
* * * LOW HITPOINT WARNING * * *
The black bear claws you but does no damage.
The black bear barely misses you.
You take 6 damage, and have 10/38 hp.
You hit the black bear.
The black bear is severely wounded.
You closely miss the black bear.
You tail-slap the black bear, but do no damage.
The black bear is severely wounded.
The black bear shakes off its lethargy.
The black bear goes berserk!
You hit the black bear but do no damage.
You drain the black bear.
The black bear is severely wounded.
The black bear bites you.
* * * LOW HITPOINT WARNING * * *
The black bear closely misses you. The black bear claws you.
* * * LOW HITPOINT WARNING * * *
You take 5 damage, and have 6/38 hp.
You hit the black bear but do no damage.
You drain the black bear.
The black bear is almost dead.
The black bear completely misses you. The black bear claws you.
* * * LOW HITPOINT WARNING * * *
The black bear completely misses you.
You take 5 damage, and have 1/38 hp.
You hit the black bear.
The black bear is almost dead.
The black bear bites you!
You die...

#### #...##
##...((##
##.......#
#.........
########<........
.........h.......
........@<......#
##............##
......(...#...##
.#...##..........
#.. ....#######
#. ###..# # ....
#..## #..#


You could see a black bear (berserk, very poisoned, drained).

Vanquished Creatures
  An iguana (D:2)
  4 adders
  A dart slug (D:2)
  4 orcs (D:3)
  5 ball pythons
  5 bats
  2 endoplasms
  4 giant cockroaches
  4 goblins
  6 hobgoblins
  2 jackals (D:3)
  4 kobolds
  5 quokkas
  5 frilled lizards
  2 rats
54 creatures vanquished.

Notes
Turn   | Place    | Note
-------+----------+-------------------------------------------
     0 | D:1      | Ofeo the Draconian Brigand began the quest for the Orb.
     0 | D:1      | Reached XP level 1. HP: 17/17 MP: 1/1
    36 | D:1      | Reached skill level 1 in Dodging
   177 | D:1      | Reached XP level 2. HP: 22/25 MP: 2/2
   743 | D:2      | Reached XP level 3. HP: 30/30 MP: 3/3
   817 | D:2      | Reached skill level 4 in Stealth
   889 | D:2      | Reached XP level 4. HP: 34/37 MP: 4/4
  2089 | D:3      | Found a basalt altar of Yredelemnul.
  2557 | D:4      | Noticed a black bear
  2575 | D:4      | HP: 1/38 [black bear (5)]
  2576 | D:4      | Mangled by a black bear

Illustrated notes

Levels and vault maps discovered:
D:1:      dpeg_arrival_pits, layout_rooms
D:2:      layout_loops_ring, nicolae_elevator_lobby_asterisk
D:3:      layout_loops_ring, mainiacjoe_overflow_alcove_1
D:4:      layout_loops_ring, minmay_temple_entry_stoned_glass

Skill      XL: |  1  2  3  4 |
---------------+-------------+-----
Dodging        | 1 |  1.9
Throwing       | 2 |  2.6
Stealth        | 4 |  4.1
Fighting       | 3 |  3.1
Short Blades   | |  2.8

Action                     |  1- 3 |  4- 6 || total
---------------------------+-------+-------++-------
  Melee: Dagger            |    56 |       ||    56
         Tailslap          |     7 |     9 ||    16
         Short sword       |    32 |    75 ||   107
         Punch             |       |     3 ||     3
  Throw: Dart              |     6 |     8 ||    14
    Use: Scroll            |     3 |     3 ||     6
   Stab: Sleeping          |     3 |     3 ||     6
 Armour: Skin              |    41 |    41 ||    82
  Dodge: Dodged            |    49 |    42 ||    91

Table legend: (Time is in decaauts)
 A = Elapsed time spent in this place.
 B = Non-inter-level travel time spent in this place.
 C = Inter-level travel time spent in this place.
 D = Time resting spent in this place.
 E = Time spent auto-exploring this place.
 F = Levels seen in this place.
 G = Mean time per level.
                   A        B        C        D        E       F      G
               +--------+--------+--------+--------+--------+-----+--------+
         Total |   2553 |   2511 |     42 |      0 |   2119 |   4 |  638.2 |
       Dungeon |   2553 |   2511 |     42 |      0 |   2119 |   4 |  638.2 |
               +--------+--------+--------+--------+--------+-----+--------+

Top non-repeatable levels by time:
     D:3: 907 daAuts
     D:2: 905 daAuts
     D:1: 723 daAuts
     D:4: 16 daAuts
